Map: Kairos Junction LE

Players

Kas

  • Race: Terran Terran
  • League: Grandmaster
  • Spawn Location: 5:00

GunGFuBanDa - Winner!

  • Race: Protoss Protoss
  • League: Master
  • Spawn Location: 11:00

Event: 2019 WCS Winter Europe

VOD

Have the link to the VOD?

Description

Time

  • Played on: Feb. 7, 2019, 11:28 a.m.
  • Length: 13:12

All games in this series

Show
View Real Time Build Order
Export as new Build Order

Kas Terran 

Build Orders: Gas First Reaper Expand, Liberator Opening 

Get SALT Encoding   

  12  0:00  SCV  
  13  0:13  SCV  
  14  0:17  Supply Depot  
  14  0:25  SCV  
  14  0:27  Refinery  
  15  0:38  SCV  
  16  0:44  Barracks  
  16  0:50  SCV  
  17  1:02  SCV  
  18  1:14  SCV  
  19  1:31  Orbital Command  
  19  1:32  Reaper  
  20  1:44  Command Center  
  20  1:55  Factory  
  20  1:58  SCV  
  21  2:05  Barracks Reactor  
  21  2:11  SCV  
  21  2:12  Supply Depot  
  22  2:23  SCV  
  22  2:26  Refinery  
  23  2:35  SCV  
  24  2:43  Starport  
  24  2:46  Hellion x2  
  24  2:50  Marine  
  29  2:55  SCV  
  29  2:57  Orbital Command  
  30  3:08  SCV  
  33  3:12  Hellion  
  33  3:15  Hellion  
  35  3:20  Barracks Tech Lab  
  35  3:22  Medivac  
  35  3:25  SCV  
  38  3:27  SCV  
  39  3:34  Supply Depot  
  39  3:39  Liberator  
  39  3:45  SCV x2  
  39  3:46  Marine, Barracks  
  39  3:47  Factory Tech Lab  
  41  3:48  Marine  
  42  3:57  SCV  
  42  4:01  SCV  
  47  4:03  Bunker  
  47  4:08  Siege Tank  
  50  4:11  SCV  
  47  4:29  SCV  
  46  4:34  SCV, Marine x2  
  46  4:38  Marine  
  46  4:41  SCV  
  47  4:46  SCV  
  47  4:48  Command Center  
  47  4:51  Supply Depot  
  47  4:52  Marine  
  49  4:53  SCV  
  49  4:56  Siege Tank  
  49  4:57  Marine  
  54  5:04  Supply Depot  
  54  5:12  Marine  
  54  5:13  SCV x2, Marine  
  58  5:16  Marine  
  53  5:25  SCV  
  49  5:29  Siege Tank  
  49  5:30  SCV, Marine  
  49  5:34  Marine  
  52  5:37  SCV  
  52  5:42  SCV  
  48  5:43  Marine  
  48  5:48  Marine  
  48  5:52  Marine  
  48  6:01  Starport Reactor, Barracks  
  47  6:04  Orbital Command  
  47  6:06  SCV x2  
  47  6:08  Refinery  
  49  6:12  Engineering Bay  
  49  6:13  Factory Reactor  
  49  6:17  Marine x2  
  49  6:18  SCV x2  
  53  6:21  Stimpack  
  53  6:25  Marine  
  51  6:30  SCV x3  
  54  6:35  Marine x2  
  54  6:39  Missile Turret  
  56  6:40  Medivac  
  56  6:42  SCV x3  
  56  6:43  Medivac, Marine  
  64  6:51  Barracks Tech Lab, Widow Mine x2  
  64  6:52  Marine  
  64  6:53  Marine  
  70  6:54  SCV x2  
  70  6:57  Barracks  
  70  6:59  SCV  
  70  7:01  Barracks  
  73  7:02  Terran Infantry Weapons Level 1  
  73  7:04  Marauder  
  73  7:06  SCV x2  
  77  7:10  Marine x2  
  77  7:11  SCV, Marauder  
  82  7:24  Combat Shield, Widow Mine  
  82  7:25  SCV  
  82  7:28  Supply Depot, Refinery  
  82  7:29  Supply Depot  
  85  7:30  Supply Depot  
  85  7:38  Marine  
  85  7:39  Marauder, Widow Mine, SCV, Supply Depot x2  
  91  7:45  Ghost Academy  
  91  7:49  SCV  
  94  7:51  Marauder  
  94  7:52  Barracks Tech Lab  
  94  7:58  Barracks Reactor  
  94  7:59  Widow Mine  
  94  8:00  Marauder, Widow Mine, Marine  
  101  8:06  Orbital Command  
  101  8:08  SCV  
  101  8:11  Supply Depot  
  102  8:13  Marauder x2, Marine  
  102  8:17  Medivac  
  102  8:18  Marine  
  110  8:20  Medivac  
  110  8:34  SCV  
  110  8:35  Supply Depot  
  110  8:41  SCV  
  108  8:56  Marine  
  108  8:57  Marauder x2, Marine  
  108  8:58  Marauder  
  85  9:18  Marauder x2, Marine x3  
  85  9:19  Medivac x2, Widow Mine x2  
  85  9:21  SCV x2, Barracks  
  85  9:22  Terran Infantry Armor Level 1  
  85  9:23  Barracks  
  85  9:24  Armory, SCV  
  89  9:25  Marauder, Engineering Bay, Marine  
  92  9:33  SCV, Missile Turret  
  92  9:35  SCV, Marine  
  92  9:37  SCV  
  96  9:40  Marauder  
  96  9:41  Ghost  
  96  9:42  Marine x2  
  102  9:45  SCV  
  102  9:47  SCV  
  102  9:49  Starport  
  102  9:51  Viking x2  
  108  9:56  SCV  
  108  9:57  SCV  
  112  10:00  Marauder, Marine x2  
  112  10:01  Marauder  
  112  10:03  Refinery  
  97  10:21  Marauder x2, Marine x2  
  87  10:23  Viking  
  87  10:24  Viking, Marine  
  87  10:25  Marauder, Marine x2  
  87  10:27  Marine  
  95  10:32  Viking  
  95  10:35  Viking  
  99  10:39  Marine x2  
  99  10:42  Marine  
  103  10:43  Marauder x2  
  103  10:44  Orbital Command  
  102  10:53  Viking  
  102  10:54  Viking  
  99  11:01  Marauder, Marine x2  
  99  11:02  Viking  
  99  11:03  Marine x4  
  109  11:05  Viking  
  111  11:15  Marine  
  111  11:16  Marine  
  113  11:18  Marine  
  113  11:19  Marine  
  113  11:22  SCV  
  113  11:23  SCV  
  117  11:27  Command Center, Refinery  
  117  11:37  Medivac, Marine  
  117  11:38  Marine  
  121  11:41  Marine x4  
  121  11:42  Bunker  
  125  12:05  Ghost  
  125  12:06  Ghost  
  125  12:08  Marauder, Marine x4  
  132  12:09  Medivac  
  132  12:14  Barracks Reactor, Barracks Tech Lab  
  135  12:20  Missile Turret  
  135  12:25  Marine x2  
  135  12:29  Marauder  
  132  12:35  Marauder x2  
  130  12:38  Marauder, Marine  
Show
View Real Time Build Order
Export as new Build Order

GunGFuBanDa Protoss - Winner!

Build Orders: 1 Gate Expand, Blink Stalkers 

Get SALT Encoding   

  12  0:00  Probe  
  13  0:12  Probe  
  14  0:17  Pylon  
  14  0:24  Probe  
  15  0:32  Probe  
  15  0:39  Gateway  
  15  0:42  Probe  
  16  0:44  Assimilator  
  17  0:53  Probe  
  18  1:05  Probe  
  19  1:17  Probe  
  20  1:24  Nexus  
  20  1:32  Cybernetics Core  
  20  1:35  Probe  
  21  1:43  Assimilator  
  21  1:48  Probe  
  21  1:50  Pylon  
  22  1:58  Adept  
  22  2:00  Probe  
  23  2:09  Warp Gate  
  23  2:12  Probe  
  26  2:22  Stalker  
  26  2:23  Twilight Council  
  26  2:24  Probe  
  29  2:32  Probe  
  29  2:36  Probe  
  31  2:40  Probe  
  31  2:47  Stalker  
  31  2:48  Probe  
  33  2:52  Probe  
  36  3:02  Blink  
  36  3:06  Probe  
  36  3:07  Probe  
  36  3:09  Pylon  
  36  3:10  Stalker  
  38  3:18  Probe  
  38  3:19  Probe  
  42  3:28  Gateway  
  42  3:30  Probe  
  42  3:31  Probe  
  44  3:41  Probe  
  44  3:42  Probe, Gateway  
  46  3:49  Probe  
  46  3:55  Probe, Pylon  
  48  3:56  Pylon  
  48  3:58  Stalker  
  48  4:00  Probe  
  51  4:07  Probe  
  51  4:09  Robotics Facility  
  52  4:12  Probe  
  52  4:13  Assimilator  
  52  4:19  Probe  
  52  4:23  Probe  
  50  4:25  Stalker  
  50  4:26  Stalker  
  51  4:32  Probe  
  51  4:34  Probe  
  52  4:38  Stalker  
  52  4:40  Probe  
  55  4:46  Probe  
  55  4:49  Stalker  
  55  4:50  Stalker, Observer, Probe  
  61  4:58  Probe, Pylon  
  63  5:02  Probe  
  64  5:11  Probe  
  63  5:14  Probe  
  64  5:21  Stalker x2  
  64  5:22  Stalker  
  64  5:23  Probe  
  64  5:26  Probe  
  72  5:35  Probe  
  65  5:38  Probe  
  59  5:47  Probe  
  59  5:48  Stalker x3  
  66  5:50  Probe  
  66  5:55  Probe  
  65  5:58  Probe  
  65  6:03  Probe  
  67  6:04  Forge  
  67  6:05  Charge  
  67  6:06  Probe  
  69  6:13  Probe  
  69  6:17  Probe  
  69  6:18  Protoss Ground Armor Level 1  
  65  6:21  Probe  
  65  6:24  Observer  
  66  6:25  Nexus  
  66  6:29  Observer, Probe x2, Pylon  
  67  6:34  Zealot x2, Sentry  
  74  6:40  Robotics Bay, Probe  
  74  6:41  Probe  
  76  6:52  Probe  
  76  6:53  Probe  
  78  6:55  Pylon  
  78  6:58  Assimilator  
  78  6:59  Gateway  
  78  7:00  Gateway  
  78  7:01  Gateway  
  78  7:04  Probe  
  78  7:05  Probe, Gateway  
  80  7:10  Colossus  
  80  7:12  Zealot x2  
  80  7:13  Zealot  
  86  7:16  Probe  
  86  7:26  Pylon  
  86  7:28  Extended Thermal Lance  
  92  7:35  Pylon  
  92  7:43  Zealot x3  
  98  7:50  Forge  
  98  7:54  Probe x2  
  98  7:55  Probe  
  98  7:56  Protoss Ground Armor Level 2  
  93  8:01  Observer  
  93  8:04  Pylon  
  94  8:06  Probe x2  
  94  8:07  Colossus  
  94  8:11  Zealot x3, Stalker  
  94  8:12  Stalker x2  
  106  8:26  Probe x2  
  112  8:38  Probe x2  
  112  8:40  Protoss Ground Weapons Level 1  
  114  8:43  Zealot  
  114  8:44  Zealot x2  
  114  8:48  Colossus  
  120  8:57  Zealot x3  
  120  8:59  Probe  
  114  9:12  Zealot x2  
  102  9:18  Probe x2  
  102  9:25  Probe  
  102  9:30  Probe  
  104  9:33  Zealot, Sentry  
  104  9:34  Zealot x2  
  104  9:36  Assimilator, Probe  
  113  9:38  Assimilator  
  113  9:40  Nexus  
  113  9:46  Zealot, Sentry  
  113  9:48  Pylon  
  113  9:51  Pylon  
  117  9:59  Pylon, Warp Prism  
  116  10:00  Pylon  
  114  10:09  Protoss Ground Armor Level 3  
  96  10:21  Zealot x5  
  96  10:22  Zealot  
  96  10:24  Probe  
  96  10:26  Dark Shrine  
  107  10:31  Disruptor  
  110  10:42  Protoss Ground Weapons Level 2  
  110  10:50  Zealot x6  
  122  10:59  Probe  
  122  11:00  Probe x3  
  122  11:01  Pylon  
  126  11:05  Gateway  
  126  11:07  Gateway  
  126  11:11  Probe  
  126  11:15  Templar Archives  
  126  11:17  Colossus  
  127  11:18  Stalker x2, Sentry  
  127  11:20  Observer  
  134  11:30  Sentry  
  134  11:31  Stalker x2  
  140  11:36  Pylon  
  140  11:45  Dark Templar x3  
  140  11:46  Disruptor  
  146  11:54  Pylon  
  146  11:56  Assimilator  
  149  12:08  Zealot x3, High Templar x2  
  151  12:12  Archon  
  155  12:21  Probe x3  
  155  12:24  Disruptor  
  155  12:31  Stalker, Zealot x4  
  155  12:32  Zealot  
  160  13:02  Zealot x8  
Tags
 
Add a new tag
Caveats
  • Supply blocks, unpowered buildings, or Contaminate may cause inaccurate times.
  • Supply counts are checked every 10 seconds.